 Dungeon Crawl Stone Soup version 0.21-a0-344-g2144152 (webtiles) character file.

40 Atlas the Magician (level 3, 0/24 HPs)
             Began as a Mummy Ice Elementalist on Oct 4, 2017.
             Slain by a centaur zombie (6 damage)
             ... on level 2 of the Dungeon.
             The game lasted 00:01:14 (1371 turns).

Atlas the Magician (Mummy Ice Elementalist)         Turns: 1371, Time: 00:01:14

Health: 0/24       AC:  3    Str: 11    XL:     3   Next: 30%
Magic:  3/7        EV: 11    Int: 15    God:
Gold:   34         SH:  0    Dex: 12    Spells: 7/8 levels left

rFire    x . .     SeeInvis .   (no weapon)
rCold    + . .     Gourm    .   (no shield)
rNeg     + + +     Faith    .   h - +0 leather armour
rPois    ∞         Spirit   .   (no helmet)
rElec    .         Reflect  .   (no cloak)
rCorr    .         Harm     .   (no gloves)
MR       .....                  (no boots)
Stlth    +.........             (no amulet)
HPRegen  0.08/turn              e - ring of positive energy
MPRegen  0.10/turn              (no ring)

@: no status effects
A: no food or potions, fire vulnerability, cold resistance 1, negative energy
resistance 3, torment resistance, unbreathing
a: no special abilities


You were on level 2 of the Dungeon.
You were not hungry.

You visited 1 branch of the dungeon, and saw 2 of its levels.

You collected 34 gold pieces.

Inventory:

Armour
 h - a +0 leather armour (worn)
Jewellery
 e - a ring of positive energy (left hand)
Scrolls
 c - a scroll of remove curse {unknown}
 d - a scroll of magic mapping
 f - a scroll of teleportation {unknown}
 g - a scroll of recharging {unknown}
Books
 b - a book of Frost

   Spells                             Type                      Level
   a - Freeze                         Ice                          1
   b - Throw Frost                    Conjuration/Ice              2
   c - Ozocubu's Armour               Charms/Ice                   3
   d - Throw Icicle                   Conjuration/Ice              4
   e - Summon Ice Beast               Ice/Summoning                4


   Skills:
 + Level 0.1 Fighting
 + Level 1.7 Dodging
 - Level 1.5 Stealth
 + Level 3.4 Spellcasting
   Level 0.7 Conjurations
 + Level 3.2 Ice Magic


You had 7 spell levels left.
You knew the following spells:

 Your Spells              Type           Power        Failure   Level  Hunger
a - Freeze                Ice            ##..         7%          1    N/A

Dungeon Overview and Level Annotations

Branches:
Dungeon (2/15)

Altars:


Innate Abilities, Weirdness & Mutations

You do not eat or drink.
Your flesh is vulnerable to fire.
You are immune to poison.
Your flesh is cold resistant. (rC+)
You are immune to negative energy. (rN+++)
You are immune to unholy pain and torment.
You can survive without breathing.


Message History

The jackal bites you. The centaur zombie hits you.
* * * LOW HITPOINT WARNING * * *
The jackal barely misses you.
The centaur zombie hits you but does no damage.
The centaur zombie hits you.
* * * LOW HITPOINT WARNING * * *
The centaur zombie barely misses you.
Casting: Freeze
Confirm with . or Enter, or press ? or * to list all spells.
You don't know that spell.
Casting: Freeze
Confirm with . or Enter, or press ? or * to list all spells.
Okay, then.
Sorry, you're not good enough to have a special ability.
As you read the scroll labeled LIUW JYGOPSO, it crumbles to dust.
You feel aware of your surroundings.
It was a scroll of magic mapping.
The centaur zombie misses you. The centaur zombie hits you.
You die...

#...####.#*,,,,.......#,**
#.#.##.#.#*,***#.###..#,*
#.#<...#.#*,,,,..#,,..#,*
#.#†##.#.#*****,.#,*,.#,*
#.#....#.# *,,*,**,*,*
#.######.# *,,*,****,* #.#
#h# ****,,,,,,* #.###
#Z###### ******** #..[#
#.@....# ###.# ######.#
####...# #.# #.##.### #.#
#....###########.#
#................#
#.##.############# ######


You could see a centaur zombie and a jackal.

Vanquished Creatures
  An adder (D:2)
  3 dart slugs (D:1)
  3 bats (D:1)
  A giant cockroach (D:1)
  2 goblins
  2 hobgoblins (D:1)
  7 jackals (D:2)
  A frilled lizard (D:1)
  2 rats (D:1)
22 creatures vanquished.

Notes
Turn   | Place    | Note
-------+----------+-------------------------------------------
     0 | D:1      | Atlas the Mummy Ice Elementalist began the quest for the Orb.
     0 | D:1      | Reached XP level 1. HP: 13/13 MP: 4/4
   413 | D:1      | Reached XP level 2. HP: 12/19 MP: 0/6
  1273 | D:2      | Reached XP level 3. HP: 24/24 MP: 5/7
  1371 | D:2      | Slain by a centaur zombie

Vault maps used:
D:1:      dpeg_arrival_windows_large_door

Skill      XL: |  1  2 |
---------------+-------+-----
Spellcasting   | 3 |  3.4
Ice Magic      | 3 |  3.2
Fighting       | |  0.1
Dodging        | |  1.7
Stealth        | |  1.5
Conjurations   | |  0.7

Action                   || total
-------------------------++-------
Melee: Unarmed           ||    36
 Cast: Freeze            ||    39
  Use: Scroll            ||     1
 Stab: Sleeping          ||     2
Armor: Robe              ||    10
       Leather armour    ||     3
Dodge: Dodged            ||    45

Table legend:
 A = Spawn XP
 B = Non-spawn XP
 C = Spawn XP percentage of total XP
 D = Spawn monster count
 E = Non-spawn monster count
 F = Spawn count percentage of total count
 G = Total turns spent on level
                    A         B        C        D         E        F      G
               +---------+---------+-------+---------+---------+-------+---------
         Total |       0 |      58 |   0.0 |       0 |      22 |   0.0 |  1371
               +---------+---------+-------+---------+---------+-------+---------
           D:1 |       0 |      29 |   0.0 |       0 |      13 |   0.0 |  1021
           D:2 |       0 |      29 |   0.0 |       0 |       9 |   0.0 |   350
               +---------+---------+-------+---------+---------+-------+---------
